 Dungeon Crawl Stone Soup version 0.24.0-13-gcf9b319 (webtiles) character file.

Game seed: 3427176810506131372, levelgen mode: deterministic

51 Benana2222 the Charlatan (level 3, -2/15 HPs)
             Began as a Felid Artificer on Nov 20, 2019.
             Slain by a gnoll
             ... wielding a +2 spear of chaos
              (12 damage)
             ... on level 2 of the Dungeon.
             The game lasted 00:06:03 (1586 turns).

Benana2222 the Charlatan (Felid Artificer)          Turns: 1586, Time: 00:06:03

Health: -2/15      AC:  1    Str:  9    XL:     3   Next: 58%
Magic:  7/7        EV: 19    Int: 12    God:
Gold:   62         SH:  0    Dex: 16    Spells: 2/2 levels left
                                        Lives:  0   Deaths: 0

rFire    . . .     SeeInvis +     - Unarmed
rCold    . . .     Gourm    .   (shield unavailable)
rNeg     . . .     Faith    .   (armour unavailable)
rPois    .         Spirit   .   (helmet unavailable)
rElec    .         Reflect  .   (cloak unavailable)
rCorr    .         Harm     +   (gloves unavailable)
MR       .....                  (boots unavailable)
Stlth    ++........             i - amulet of harm
HPRegen  0.05/turn              (no ring)
MPRegen  0.10/turn              (no ring)

@: quick
A: very small, no armour, no weapons or thrown items, stealth, claws 1, fangs 3,
horns 1, see invisible, carnivore, speed 1, shaggy fur 1, slow metabolism 1,
sharp paws
a: no special abilities


You were on level 2 of the Dungeon.
You were completely stuffed.

You visited 1 branch of the dungeon, and saw 2 of its levels.

You collected 62 gold pieces.

Inventory:

Jewellery
 i - an amulet of harm (around neck)
Wands
 a - a wand of flame (15)
 b - a wand of enslavement (14)
 c - a wand of random effects (15)
Scrolls
 g - 2 scrolls of identify
 h - 2 scrolls of teleportation
 j - a scroll of amnesia {unknown}
 l - a scroll of fog {unknown}
Potions
 e - a potion of haste
 f - a potion of agility
Comestibles
 d - 3 rations
 k - a chunk of flesh


   Skills:
 + Level 1.3 Fighting
 + Level 3.5 Dodging
 + Level 2.1 Stealth
 + Level 1.8 Unarmed Combat
 + Level 4.0 Evocations


You had 2 spell levels left.
You didn't know any spells.
Your spell library was empty.

Dungeon Overview and Level Annotations

Branches:
Dungeon (2/15)

Altars:


Innate Abilities, Weirdness & Mutations

You cannot wear armour.
You are incapable of wielding weapons or throwing items.
Your paws allow you to move quietly. (Stealth)
You have sharp claws.
You have razor-sharp teeth.
You have supernaturally acute eyesight. (SInv)
You are carnivorous and can eat meat at any time.
You cover ground quickly.
You are covered in fur. (AC +1)
You have a slow metabolism.
Your sharp claws are effective at attacking unaware monsters.
You have a pair of small horns on your head.


Message History

You kill the hobgoblin!
You scratch the giant cockroach but do no damage.
Your bite misses the giant cockroach. The giant cockroach closely misses you.
An orc comes into view. It is wielding a +2 dagger of chaos.
The giant cockroach closely misses you.
The orc shouts!
You scratch the giant cockroach.
Your headbutt misses the giant cockroach.
You bite the giant cockroach, but do no damage.
The giant cockroach is severely wounded.
The giant cockroach barely misses you.
You scratch the giant cockroach but do no damage.
The giant cockroach is severely wounded.
The giant cockroach completely misses you.
You scratch the giant cockroach.
You kill the giant cockroach!
You completely miss the rat. Your headbutt misses the rat.
The gnoll hits you from afar with a +2 spear of chaos!
Ouch! That really hurt!
You die...

≈.s#≈# "..#≈.#
#..### .....
.#### ###.#.
#.... ....#
.....
#≈≈#≈g###..# .
#.(.gr@#..####..
#..≈##..........
#⌠?.o.##.......#
. .#..≈.
##.#..#.#...
#..##
#...........
#.≈.⌠
##.#..#.#.# .≈..
##.......# g≈#.
##.#.#....#.
#............


You could see a gnoll, an orc, a hobgoblin and a rat.

Vanquished Creatures
  An adder (D:2)
  A dart slug (D:2)
  3 bats (D:1)
  5 giant cockroaches
  3 goblins (D:1)
  7 hobgoblins
  4 jackals
  3 kobolds
  A quokka (D:2)
  2 frilled lizards (D:1)
  6 rats (D:1)
36 creatures vanquished.

Notes
Turn   | Place    | Note
-------+----------+-------------------------------------------
     0 | D:1      | Benana2222 the Felid Artificer began the quest for the Orb.
     0 | D:1      | Reached XP level 1. HP: 9/9 MP: 4/4
   235 | D:1      | Reached XP level 2. HP: 12/12 MP: 5/5
  1107 | D:1      | Gained mutation: You tend to lose your temper in combat.
                  | [potion of mutation]
  1107 | D:1      | Lost mutation: You tend to lose your temper in combat.
                  | [potion of mutation]
  1107 | D:1      | Gained mutation: You have a pair of small horns on your
                  | head. [potion of mutation]
  1131 | D:2      | Reached XP level 3. HP: 15/15 MP: 6/6
  1437 | D:2      | Reached skill level 4 in Evocations
  1586 | D:2      | Slain by a gnoll

Levels and vault maps discovered:
D:1:      dpeg_arrival_arbitrary_b, layout_basic
D:2:      layout_basic, grunt_temple_overflow_opulence, minivault_19, tgw_xom

Skill      XL: |  1  2  3 |
---------------+----------+-----
Dodging        | 3 |  3.5
Stealth        | 2 |  2.1
Evocations     | 4 |  4.0
Fighting       | |  1.3
Unarmed Combat | |  1.8

Action                   || total
-------------------------++-------
Melee: Unarmed           ||   122
       Bite              ||    14
       Headbutt          ||     7
Evoke: Wand              ||     1
  Use: Scroll            ||     5
       Potion            ||     1
 Stab: Sleeping          ||     4
  Eat: Chunk             ||     9
Armor: Skin              ||    10
Dodge: Dodged            ||   120
